 Dungeon Crawl Stone Soup version 0.27.1-2-g3b301248ec (webtiles) character file.

Game seed: 14675978331021379118

30 Descartes the Cutter (level 3, 0/20 HPs)
             Began as a Deep Elf Wanderer on Oct 3, 2021.
             Slain by a quokka (4 damage)
             ... on level 2 of the Dungeon.
             The game lasted 00:02:11 (1169 turns).

Descartes the Cutter (Deep Elf Wanderer)            Turns: 1169, Time: 00:02:11

Health: 0/20       AC:  6    Str: 10    XL:     3   Next: 3%
Magic:  7/7        EV: 10    Int: 25    God:
Gold:   38         SH:  0    Dex: 11    Spells: 5/5 levels left

rFire    . . .     SeeInvis .   a - +2 short sword
rCold    . . .     Faith    .   (no shield)
rNeg     . . .     Spirit   .   m - +0 ring mail
rPois    .         Reflect  .   (no helmet)
rElec    .         Harm     .   (no cloak)
rCorr    .         Rampage  .   g - +0 pair of gloves
Will     .....                  (no boots)
Stlth    +.........             (no amulet)
HPRegen  0.06/turn              p - +6 ring of intelligence
MPRegen  0.10/turn              (no ring)

@: no status effects
A: no striking features
a: no special abilities


You were on level 2 of the Dungeon.
You visited 1 branch of the dungeon, and saw 2 of its levels.

You collected 38 gold pieces.

Inventory:

Hand Weapons
 a - a +2 short sword (weapon)
 t - a +4 long sword
Missiles
 e - 21 arrows
 n - 3 stones (quivered)
 r - 5 javelins
 s - 18 sling bullets
Armour
 c - a +0 robe
 g - a +0 pair of gloves (worn)
 l - a +0 leather armour
 m - a +0 ring mail (worn)
Jewellery
 p - a +6 ring of intelligence (left hand)
Scrolls
 f - a scroll of fear {unknown}
 i - 2 scrolls of identify {unknown}
 j - a scroll of holy word {unknown}
 o - a scroll of blinking {unknown}
Potions
 b - 2 potions of lignification
 d - a potion of flight {unknown}
 h - a potion of haste {unknown}
 k - a potion of invisibility {unknown}
 q - a potion of berserk rage {unknown}


   Skills:
 - Level 1.5 Fighting
 - Level 3.0 Short Blades
 - Level 1.0 Throwing
 + Level 1.4 Dodging
 + Level 1.6 Stealth
 - Level 1.0 Shields
 + Level 1.5 Spellcasting
 + Level 2.7 Conjurations
 - Level 1.0 Air Magic


You had 5 spell levels left.
You didn't know any spells.
Your spell library was empty.

Dungeon Overview and Level Annotations

Branches:
Dungeon (2/15)

Altars:


Message History

You are too injured to fight recklessly!
You are too injured to fight recklessly!
You are too injured to fight recklessly!
You closely miss the quokka. The quokka barely misses you.
You closely miss the quokka.
The quokka bites you but does no damage.
You barely miss the quokka. The quokka closely misses you.
You closely miss the quokka.
The quokka bites you but does no damage.
You hit the quokka.
The quokka is moderately wounded.
The quokka bites you.
You closely miss the quokka.
The quokka is moderately wounded.
The quokka completely misses you.
You closely miss the quokka.
The quokka is moderately wounded.
The quokka closely misses you.
The quokka bites you but does no damage.
You completely miss the quokka.
The quokka is moderately wounded.
The quokka bites you but does no damage.
You barely miss the quokka.
The quokka is moderately wounded.
The quokka closely misses you.
You hit the quokka.
The quokka is almost dead.
The quokka bites you.
* * * LOW HITPOINT WARNING * * *
You barely miss the quokka.
The quokka is almost dead.
The quokka bites you but does no damage.
You hit the quokka but do no damage.
The quokka is almost dead.
The quokka bites you.
* * * LOW HITPOINT WARNING * * *
You barely miss the quokka.
The quokka is almost dead.
The quokka bites you.
You die...

#.#####.#.#.#######
†..................
#†#...#.#.#........
#.#...#...#.#######
#.# ..#####†.)....#
#.# ..#......†....#
#.# ##.###.......#
#.# ##.......# #.#
.........@.# ..#
####.#+#$#r......
### #.# #.#.......
.. #.#....... ##.
#.#.......
..#.......
###....... .......


You could see a quokka.

Vanquished Creatures
  5 bats
  4 endoplasms (D:1)
  6 hobgoblins
  2 kobolds
  A quokka (D:2)
  5 ball pythons (D:1)
  A frilled lizard (D:1)
  2 rats (D:1)
26 creatures vanquished.

Notes
Turn   | Place    | Note
-------+----------+-------------------------------------------
     0 | D:1      | Descartes the Deep Elf Wanderer began the quest for the
                  | Orb.
     0 | D:1      | Descartes set off with the following items: a +2 short
                  | sword, 2 potions of lignification, a +0 robe
     0 | D:1      | Reached XP level 1. HP: 12/12 MP: 3/3
   172 | D:1      | Reached skill level 1 in Spellcasting
   178 | D:1      | Reached skill level 1 in Stealth
   178 | D:1      | Reached XP level 2. HP: 12/16 MP: 5/5
   395 | D:1      | Reached skill level 1 in Dodging
  1145 | D:2      | Reached XP level 3. HP: 17/20 MP: 7/7
  1169 | D:2      | Slain by a quokka

Illustrated notes

Levels and vault maps discovered:
D:1:      dpeg_arrival_arbitrary_b, layout_loops_cross,
          wander_ebering_terrifying_dragon_lair
D:2:      layout_basic, hellmonk_ecumenical_altar_prayer_group, serial_shops,
          shop

Skill      XL: |  1  2 |
---------------+-------+-----
Spellcasting   | 1 |  1.5
Stealth        | 1 |  1.6
Dodging        | 1 |  1.4
Fighting       | |  1.5
Short Blades   | |  3.0
Throwing       | |  1.0
Shields        | |  1.0
Conjurations   | |  2.7
Air Magic      | |  1.0

Action                   || total
-------------------------++-------
Melee: Short sword       ||    89
 Stab: Sleeping          ||     4
Armor: Robe              ||     8
       Ring mail         ||    24
       Leather armour    ||     2
Dodge: Dodged            ||    45
